 Dungeon Crawl Stone Soup version 0.30-a0-1102-g2dbb833546 (webtiles) character file.

Game seed: 4140070455912478592

6103 Conn the Slicer (level 10, -4/73 HPs)
             Began as an Octopode Fire Elementalist on Apr 18, 2023.
             Was a Priest of Sif Muna.
             Killed by an exploding wyvern (12 damage)
             ... ignited by their inner flame
             ... on level 8 of the Dungeon.
             The game lasted 00:30:11 (8203 turns).

Conn the Slicer (Octopode Fire Elementalist)        Turns: 8203, Time: 00:30:11

Health: -4/73      AC:  1    Str: 10    XL:     10   Next: 88%
Magic:  0/20       EV: 13    Int: 23    God:    Sif Muna [***...]
Gold:   1631       SH:  0    Dex: 12    Spells: 7/22 levels left

rFire   . . .      SeeInvis .    a - +10 short sword of Instant Death {venom, Str+3}
rCold   . . .      Faith    .    (no shield)
rNeg    . . .      Spirit   +    (helmet restricted)
rPois   .          Reflect  .    u - amulet of guardian spirit
rElec   .          Rampage  .    (no ring)
rCorr   .                        (no ring)
Will    .....                    (no ring)
Stlth   ++++                     (no ring)
HPRegen 0.32/turn                (no ring)
MPRegen 0.17/turn                (no ring)
                                 (no ring)
                                 (no ring)

@: no status effects
A: almost no armour, amphibious, 8 rings, camouflage 1, gelatinous body 1,
(nimble swimmer 1), tentacles
a: Renounce Religion, Channel Magic, Forget Spell


You were on level 8 of the Dungeon.
You worshipped Sif Muna.
Sif Muna was most pleased with you.
You visited 2 branches of the dungeon, and saw 10 of its levels.

You collected 1689 gold pieces.
You spent 58 gold pieces at shops.

Inventory:

Hand Weapons
 a - the +10 short sword of Instant Death (weapon) {venom, Str+3}
   (You found it on level 2 of the Dungeon)

   Str:       It affects your strength (+3).
 b - a +2 sling of freezing
Missiles
 G - 2 curare-tipped darts
Jewellery
 n - a ring of ice
 u - an amulet of guardian spirit (around mantle)
Wands
 p - a wand of digging (4)
 t - a wand of iceblast (7)
 E - a wand of polymorph (9)
 J - a wand of flame (35)
Scrolls
 c - 2 scrolls of magic mapping
 f - a scroll of enchant weapon
 g - a scroll of amnesia
 h - a scroll of silence
 i - a scroll of noise {unknown}
 k - 2 scrolls of torment
 l - 2 scrolls of enchant armour {unknown}
 m - 3 scrolls of fear {unknown}
 D - a scroll of fog {unknown}
 F - 2 scrolls of identify
 H - a scroll of brand weapon {unknown}
 K - a scroll of blinking {unknown}
Potions
 d - a potion of magic
 j - 3 potions of mutation {unknown}
 o - 3 potions of heal wounds {unknown}
 q - a potion of might {unknown}
 r - 3 potions of brilliance {unknown}
 s - 2 potions of curing
 v - a potion of ambrosia {unknown}
 w - 2 potions of invisibility {unknown}
 x - 2 potions of flight {unknown}
 z - a potion of haste {unknown}
 A - a potion of cancellation {unknown}
 B - a potion of resistance {unknown}
 C - a potion of berserk rage {unknown}
 I - a potion of lignification {unknown}


   Skills:
 + Level 8.6 Fighting
 + Level 8.9 Short Blades
 + Level 1.3 Ranged Weapons
 + Level 3.3 Dodging
 + Level 6.3 Stealth
 + Level 0.3 Unarmed Combat
 * Level 6.8 Spellcasting
 * Level 4.2 Conjurations
 + Level 1.0 Hexes
 + Level 6.3 Fire Magic
 * Level 3.5 Ice Magic
 + Level 0.3 Evocations


You had 7 spell levels left.
You knew the following spells:

 Your Spells              Type           Power      Damage    Failure   Level
a - Foxfire               Conj/Fire      100%       2x1d9     1%          1
b - Flame Wave            Conj/Fire      32%        2d9       9%          4
c - Inner Flame           Hex/Fire       25%        N/A       4%          3
d - Metabolic Englaciati  Hex/Ice        9%         N/A       63%         5
e - Scorch                Fire           74%        2d8       1%          2

Your spell library contained the following spells:

 Spells                   Type           Power      Damage    Failure   Level
 Kiss of Death            Conj/Necr      68%        2d10      3%          1
 Volatile Blastmotes      Fire/Tloc      44%        2d13      6%          3
 Confusing Touch          Hex            12%        N/A       16%         3
 Animate Dead             Necr           7%         N/A       61%         4
 Dispel Undead            Necr           7%         3d8       61%         4
 Petrify                  Tmut/Erth      7%         N/A       61%         4
 Borgnjor's Vile Clutch   Necr/Erth      3%         N/A       91%         5
 Death Channel            Necr           3%         N/A       100%        6
 Statue Form              Tmut/Erth      4%         N/A       100%        6


Dungeon Overview and Level Annotations

Branches:
Dungeon (9/15)             Temple (1/1) D:4            Lair (0/5) D:8
    Orc: D:9-12

Altars:
Ashenzari
Cheibriados
Dithmenos
Elyvilon
Hepliaklqana
Kikubaaqudgha
Makhleb
Nemelex Xobeh
Okawaru
Qazlal
Ru
Sif Muna
Trog
Uskayaw
Vehumet
Wu Jian
Xom
Yredelemnul

Shops:
D:1 *   D:5 *


Innate Abilities, Weirdness & Mutations

You cannot wear most types of armour.
You are amphibious.
You can wear up to eight rings at the same time.
Your skin changes colour to match your surroundings (Stealth+).
Your rubbery body absorbs attacks. (AC +1, EV +1)
((You are camouflaged when in or above water. (Stealth+)))
You have tentacles for arms and can constrict up to eight enemies at once.


Message History

The howler monkey is severely wounded.
The water moccasin is engulfed in blazing flames.
Flame seeps out of the water moccasin.
The water moccasin bites the fungus.
The yak is engulfed in blazing flames.
Sif Muna accepts your kill.
The yak explodes!
The fiery explosion engulfs the water moccasin!!!
Sif Muna accepts your kill.
The fiery explosion engulfs the yak!!
Flame seeps out of the yak.
The yak is severely wounded.
The tree burns like a torch!
The fiery explosion engulfs the orc!!
Sif Muna accepts your kill.
The fiery explosion engulfs the plant!!!
The plant begins to die.
The plant is moderately damaged.
The orc explodes!
The fiery explosion engulfs the yak!!!
Sif Muna accepts your kill.
The fiery explosion engulfs the plant!
The plant is moderately damaged.
The yak explodes!
The fiery explosion engulfs the yak!
Flame seeps out of the yak.
The yak is heavily wounded.
The fiery explosion engulfs the howler monkey!!
Sif Muna accepts your kill.
The fiery explosion engulfs the fungus!!!
The fungus is moderately damaged.
The howler monkey explodes!
The fiery explosion engulfs the plant!!!
The plant begins to die.
The plant is lightly damaged.
The fiery explosion engulfs you!!
* * * LOW HITPOINT WARNING * * *
The fiery explosion engulfs the fungus!!
The fungus is moderately damaged.
The fiery explosion engulfs the wyvern!!
Sif Muna accepts your kill.
The wyvern explodes!
The fiery explosion engulfs you!
You die...

..###........#..#...##.
........)...S......>###.
##........###....##.# #.
#.....##S.†..#.###.# #.
.......##.###Y#.###S###.
##......Y°§§Y.....l.YY..
#..#..PP§○§......##l###
...#..§§§§P..P...##.#
##..♣P@§§§...)P.....#
#....§§.P.♣...♣....#
#..)....S..........#
#.......P..........#
#.......>P.P.♣.....#
#.....P.P.....P$...# #
......P..P.... .
#.#....♣....P. .###


You could see 3 yaks and 2 water moccasins.

Vanquished Creatures
  Erolcha (D:9)
  A two-headed ogre (D:9)
  Pikel (D:5)
  An unseen horror (D:9)
  A troll (D:9)
  2 wyverns (D:8)
  8 yaks
  A steam dragon (D:9)
  Edmund (D:5)
  Duvessa (D:7)
  4 water moccasins
  A sky beast (D:7)
  2 ogres
  A black bear (D:5)
  2 centaurs
  4 kobold brigands
  A phantom (D:4)
  2 bullfrogs
  A gnoll sergeant (D:8)
  A scorpion (D:6)
  Dowan (D:7)
  6 howler monkeys
  2 jellies
  3 orc priests
  3 hounds
  An iron imp (D:6)
  6 iguanas
  5 orc wizards
  3 gnolls (D:8)
  6 adders
  A shadow imp (D:7)
  3 white imps
  3 ufetubi
  3 worms (D:2)
  2 dart slugs
  25 orcs
  6 ball pythons
  7 endoplasms
  3 giant cockroaches
  3 goblins
  8 hobgoblins
  11 jackals
  A quokka (D:4)
  A bat (D:2)
  3 frilled lizards
  23 kobolds
  6 rats
182 creatures vanquished.

Vanquished Creatures (others)
  283 foxfires
  10 fungi
  5 plants (D:8)
298 creatures vanquished.

Grand Total: 480 creatures vanquished

Notes
Turn   | Place    | Note
-------+----------+-------------------------------------------
     0 | D:1      | Conn the Octopode Fire Elementalist began the quest for the
                  | Orb.
     0 | D:1      | Reached XP level 1. HP: 11/11 MP: 3/3
    61 | D:1      | Found Baeblere's General Store.
    87 | D:1      | Reached XP level 2. HP: 8/17 MP: 0/5
   242 | D:1      | Found a faded altar of an unknown god.
   674 | D:2      | Reached XP level 3. HP: 21/21 MP: 0/6
   677 | D:2      | Learned a level 2 spell: Scorch
   681 | D:2      | Learned a level 3 spell: Inner Flame
  1377 | D:2      | Identified the +10 short sword of Instant Death {venom,
                  | Str+3}
  1608 | D:3      | You fall into a shaft and drop 3 floors!
  1617 | D:6      | Noticed a scorpion
  1625 | D:6      | Killed a scorpion
  1626 | D:6      | Reached XP level 4. HP: 23/27 MP: 1/8
  1635 | D:6      | Reached XP level 5. HP: 30/32 MP: 1/9
  1640 | D:6      | Noticed an ogre
  1669 | D:6      | Reached XP level 6. HP: 27/51 MP: 1/10
  1672 | D:6      | Reached skill level 1 in Ranged Weapons
  1802 | D:6      | Learned a level 4 spell: Flame Wave
  1809 | D:6      | Reached XP level 7. HP: 56/56 MP: 3/11
  2038 | D:6      | Found a white marble altar of Elyvilon.
  2113 | D:5      | Entered Level 5 of the Dungeon
  2337 | D:4      | Found a staircase to the Ecumenical Temple.
  2378 | Temple   | Entered the Ecumenical Temple
  2386 | Temple   | Became a worshipper of Sif Muna the Loreminder
  3514 | D:4      | Reached * piety under Sif Muna
  3977 | D:4      | Found an ancient bone altar of Kikubaaqudgha.
  4240 | D:5      | Reached XP level 8. HP: 52/62 MP: 0/13
  4372 | D:5      | Found Xuyqiutie's Assorted Antiques.
  4381 | D:5      | Bought a scroll labelled COANOO CAWYPT for 29 gold pieces
  4381 | D:5      | Bought a scroll labelled JAVUNT XATYUC for 29 gold pieces
  4387 | D:5      | Identified a scroll of acquirement
  4391 | D:5      | Acquired 1238 gold pieces
  4474 | D:5      | Noticed Edmund
  4488 | D:5      | Killed Edmund
  4679 | D:4      | Learned a level 5 spell: Metabolic Englaciation
  4786 | D:5      | Noticed Pikel
  4787 | D:5      | Reached skill level 5 in Stealth
  4799 | D:5      | Killed Pikel
  4800 | D:5      | Reached skill level 1 in Ice Magic
  4800 | D:5      | Reached XP level 9. HP: 29/67 MP: 1/16
  4991 | D:5      | Found a shadowy altar of Dithmenos.
  4991 | D:5      | Found a sparkling altar of Nemelex Xobeh.
  5236 | D:5      | Found a broken altar of Ashenzari.
  5337 | D:6      | Found a bloodstained altar of Trog.
  5492 | D:6      | Reached ** piety under Sif Muna
  5525 | D:6      | Found an iron altar of Okawaru.
  5655 | D:6      | Reached skill level 5 in Spellcasting
  5807 | D:6      | Found a burning altar of Makhleb.
  5815 | D:6      | Reached skill level 5 in Fire Magic
  6577 | D:7      | Reached *** piety under Sif Muna
  6895 | D:7      | Noticed Dowan
  6896 | D:7      | Noticed Duvessa
  6901 | D:7      | Killed Dowan
  6906 | D:7      | Killed Duvessa
  7251 | D:8      | Noticed a two-headed ogre
  7469 | D:9      | Noticed a two-headed ogre
  7475 | D:9      | Killed a two-headed ogre
  7476 | D:9      | Reached XP level 10. HP: 73/73 MP: 9/18
  7549 | D:9      | Noticed Erolcha
  7560 | D:9      | Killed Erolcha
  7677 | D:9      | Killed an unseen horror
  8010 | D:9      | Reached skill level 1 in Hexes
  8198 | D:8      | Found a staircase to the Lair.
  8203 | D:8      | Killed by an exploding wyvern... ignited by their inner
                  | flame

Illustrated notes

Levels and vault maps discovered:
D:1:      tarquinn_simple_flora_water_a, layout_rooms, serial_shops,
          shop_statue, ebering_ecumenical_altar_webs
D:2:      layout_basic, st_stairs_4
D:3:      layout_basic, wad_orctagon
D:4:      layout_basic, mainiacjoe_overflow_chevrons, minmay_temple_entry_glass
D:5:      layout_cave_pools, lemuel_coloured_pillars_altar,
          mainiacjoe_overflow_divided_tiny, serial_shops, nicolae_stop_n_shop_1,
          uniq_pikel, uniq_edmund
D:6:      layout_basic, elyvilon_altar_1, mainiacjoe_overflow_six_doors_small,
          mainiacjoe_overflow_brackets, makhleb_grotto_becter
D:7:      layout_cave_pods, uniq_duvessa
D:8:      layout_basic, minmay_lair_entry_grove
D:9:      layout_loops_cross, uniq_gastronok, uniq_erolcha
Temple:   eino_narrow_crystal_temple

Skill      XL: |  1  2  3  4  5  6  7  8  9 10 |
---------------+-------------------------------+-----
Stealth        | 3 4 5 6 |  6.3
Spellcasting   | 3 4 5 6 |  6.8
Fire Magic     | 4 5 6 |  6.3
Fighting       | 8 |  8.6
Short Blades   | 8 |  8.9
Ranged Weapons | 1 |  1.3
Conjurations   | 2 3 4 |  4.2
Ice Magic      | 1 2 3 |  3.5
Dodging        | 3 |  3.3
Hexes          | 1 |  1.0
Unarmed Combat | |  0.3
Evocations     | |  0.3

Action                     |  1- 3 |  4- 6 |  7- 9 | 10-12 || total
---------------------------+-------+-------+-------+-------++-------
  Melee: Unarmed           |     4 |       |       |       ||     4
         Constrict         |    12 |     2 |    27 |     2 ||    43
         Tentacles         |     8 |       |    27 |     4 ||    39
         Short sword       |    30 |    12 |   146 |    32 ||   220
         Punch             |       |       |     1 |     1 ||     2
   Fire: Sling             |     9 |       |       |       ||     9
   Cast: Foxfire           |    32 |     5 |   100 |    22 ||   159
         Scorch            |     3 |     3 |    24 |     8 ||    38
         Inner Flame       |       |       |    12 |     4 ||    16
         Flame Wave        |       |       |     1 |     2 ||     3
 Invoke: Channel Magic     |       |       |       |     1 ||     1
  Evoke: Wand              |       |       |     1 |     1 ||     2
    Use: Potion            |       |     3 |       |     1 ||     4
         Scroll            |       |       |    10 |     3 ||    13
   Stab: Sleeping          |       |     1 |    15 |     2 ||    18
         Distracted        |       |       |     1 |       ||     1
 Armour: Skin              |     2 |       |     8 |       ||    10
  Dodge: Dodged            |    24 |     4 |    85 |    20 ||   133

Table legend: (Time is in decaauts)
 A = Elapsed time spent in this place.
 B = Non-inter-level travel time spent in this place.
 C = Inter-level travel time spent in this place.
 D = Time resting spent in this place.
 E = Time spent auto-exploring this place.
 F = Levels seen in this place.
 G = Mean time per level.
                   A        B        C        D        E       F      G
               +--------+--------+--------+--------+--------+-----+--------+
         Total |   8140 |   7825 |    315 |    396 |   5206 |  10 |  814.0 |
       Dungeon |   8123 |   7808 |    315 |    396 |   5206 |   9 |  902.6 |
        Temple |     16 |     16 |      0 |      0 |      0 |   1 |   16.0 |
               +--------+--------+--------+--------+--------+-----+--------+

Top non-repeatable levels by time:
     D:6: 1378 daAuts
     D:4: 1273 daAuts
     D:5: 1084 daAuts
     D:7: 1053 daAuts
     D:2: 963 daAuts
     D:9: 821 daAuts
     D:3: 809 daAuts
     D:1: 645 daAuts
     D:8: 91 daAuts
  Temple: 16 daAuts
